 Dungeon Crawl Stone Soup version 0.30-a0-949-g53dc5368d7 (webtiles) character file.

Game seed: 553448528402128339

69 2tousent the Sneak (level 4, -3/27 HPs)
             Began as a Kobold Brigand on Mar 27, 2023.
             Slain by an orc
             ... wielding a +0 club
              (5 damage)
             ... on level 3 of the Dungeon.
             The game lasted 00:02:28 (2250 turns).

2tousent the Sneak (Kobold Brigand)                 Turns: 2250, Time: 00:02:29

Health: -3/27      AC:  4    Str:  5 (8)  XL:     4   Next: 42%
Magic:  4/4        EV: 14    Int: 15 (16) God:
Gold:   77         SH:  0    Dex: 16 (18) Spells: 3/3 levels left

rFire   . . .      SeeInvis +    a - +2 dagger
rCold   . . .      Faith    .    (no shield)
rNeg    . . .      Spirit   .    p - +0 robe of Muttered Phrases {Int+4 SInv}
rPois   .          Reflect  .    (no helmet)
rElec   .          Rampage  .    c - +0 cloak
rCorr   .                        n - +0 pair of gloves
Will    .....                    (no boots)
Stlth   ++++                     k - amulet of the acrobat
HPRegen 0.24/turn                (no ring)
MPRegen 0.09/turn                (no ring)

@: flying
A: small, no large weapons, nightstalker 3
a: no special abilities


You were on level 3 of the Dungeon.
You visited 1 branch of the dungeon, and saw 3 of its levels.

You collected 77 gold pieces.

Inventory:

Hand Weapons
 a - a +2 dagger (weapon)
Missiles
 d - 8 poisoned darts (quivered)
 e - 3 curare-tipped darts
Armour
 b - a +0 robe
 c - a +0 cloak (worn)
 n - a +0 pair of gloves (worn)
 p - the +0 robe of Muttered Phrases (worn) {Int+4 SInv}
   (You found it on level 3 of the Dungeon)

   Int:       It affects your intelligence (+4).
   SInv:      It lets you see invisible.
Jewellery
 f - a ring of fire
 k - an amulet of the acrobat (around neck)
Scrolls
 i - 2 scrolls of summoning
 j - a scroll of fog {unknown}
 l - a scroll of blinking {unknown}
 m - 3 scrolls of torment {unknown}
 o - a scroll of identify {unknown}
 q - a scroll of brand weapon {unknown}


   Skills:
 + Level 2.8 Fighting
 * Level 4.3 Short Blades
 - Level 2.1 Throwing
 + Level 2.2 Dodging
 + Level 5.8 Stealth


You had 3 spell levels left.
You didn't know any spells.
Your spell library contained the following spells:

 Spells                   Type           Power      Damage    Failure   Level
 Scorch                   Fire           0%         2d5       38%         2
 Flame Wave               Conj/Fire      0%         2d4       95%         4
 Summon Cactus Giant      Summ           0%         N/A       100%        6


Dungeon Overview and Level Annotations

Branches:
Dungeon (3/15)

Altars:


Innate Abilities, Weirdness & Mutations

You are small and have problems with some larger weapons.
You are completely attuned to the shadows.


Message History

You start putting on your armour.
You continue putting on the +0 robe of Muttered Phrases {Int+4 SInv}. x5
You finish putting on the +0 robe of Muttered Phrases {Int+4 SInv}.
You feel clever.
q - a scroll labelled EQIZYTTETS 2 orcs come into view.
There are monsters nearby!
An orc priest comes into view. It is wielding a +0 hand axe.
Found a faded altar of an unknown god.
The orc shouts!
You hear a shout! x2 2 orcs come into view.
The orc hits you with a +0 hand axe.
You barely miss the orc priest. You hit the orc priest.
The orc priest is lightly wounded.
The orc hits you with a +0 hand axe. The orc attacks as you move away!
The orc hits you with a +0 club.
The orc priest mumbles some strange prayers to Beogh against you.
Beogh smites you! The orc attacks as you move away!
The orc completely misses you.
The orc priest calls down the wrath of Beogh upon you.
Beogh smites you!
* * * LOW HITPOINT WARNING * * *
The orc attacks as you move away! The orc completely misses you.
The orc attacks as you move away! The orc completely misses you.
The orc attacks as you move away! The orc completely misses you.
It was a potion of degeneration.
There was something very wrong with that liquid.
You feel weakened.
You feel dopey.
You feel clumsy. The orc hits you but does no damage.
It was a potion of flight.
You feel very buoyant.
You fly up into the air.
The orc closely misses you.
You hit the orc.
The orc is heavily wounded.
The orc completely misses you.
You barely miss the orc.
The orc is heavily wounded.
The orc hits you with a +0 club.
You die...

######
#########......
...ooo@........
...oo####......
.....####.......
.....o..#........
........#........
........#.....(.#
...........†....#
...._....##.....#
...8.8... #.....#


You could see an orc priest and 4 orcs.

Vanquished Creatures
  2 adders (D:2)
  A worm (D:2)
  2 dart slugs (D:2)
  An orc (D:3)
  3 endoplasms
  2 giant cockroaches
  3 goblins
  7 hobgoblins
  4 jackals (D:2)
  2 ball pythons (D:1)
  7 bats
  2 frilled lizards
  2 kobolds
  3 rats
41 creatures vanquished.

Notes
Turn   | Place    | Note
-------+----------+-------------------------------------------
     0 | D:1      | 2tousent the Kobold Brigand began the quest for the Orb.
     0 | D:1      | Reached XP level 1. HP: 12/12 MP: 1/1
   348 | D:1      | Reached XP level 2. HP: 18/18 MP: 2/2
  1200 | D:2      | Reached XP level 3. HP: 16/22 MP: 3/3
  1635 | D:2      | Reached XP level 4. HP: 27/27 MP: 4/4
  2215 | D:3      | Identified the +0 robe of Muttered Phrases {Int+4 SInv}
  2238 | D:3      | Found a faded altar of an unknown god.
  2243 | D:3      | HP: 1/27 [orc priest/divine providence (12)]
  2250 | D:3      | Slain by an orc

Illustrated notes

Levels and vault maps discovered:
D:1:      beargit_arrival_greenhouse, layout_basic, minmay_misc_feat_rows,
          grunt_decor_cap, minmay_misc_feat_iff
D:2:      layout_loops_ring, serial_rivers, chequers_serial_rivers_small_3,
          chequers_serial_rivers_large_b, chequers_serial_rivers_small_b,
          chequers_serial_rivers_micro_c, minivault_24
D:3:      minmay_bubble_buster, layout_basic,
          dreamdust_ecumenical_altar_statues, minmay_snake_closets

Skill      XL: |  1  2  3 |
---------------+----------+-----
Short Blades   | 3 4 |  4.3
Dodging        | 2 |  2.2
Fighting       | |  2.8
Throwing       | |  2.1
Stealth        | |  5.8

Action                     |  1- 3 |  4- 6 || total
---------------------------+-------+-------++-------
  Melee: Dagger            |    63 |    14 ||    77
  Throw: Dart              |    12 |       ||    12
    Use: Scroll            |     2 |       ||     2
         Potion            |       |     2 ||     2
   Stab: Sleeping          |    18 |     6 ||    24
 Armour: Robe              |     7 |     1 ||     8
  Dodge: Dodged            |    35 |     8 ||    43

Table legend: (Time is in decaauts)
 A = Elapsed time spent in this place.
 B = Non-inter-level travel time spent in this place.
 C = Inter-level travel time spent in this place.
 D = Time resting spent in this place.
 E = Time spent auto-exploring this place.
 F = Levels seen in this place.
 G = Mean time per level.
                   A        B        C        D        E       F      G
               +--------+--------+--------+--------+--------+-----+--------+
         Total |   2292 |   2200 |     92 |      0 |   1920 |   3 |  764.0 |
       Dungeon |   2292 |   2200 |     92 |      0 |   1920 |   3 |  764.0 |
               +--------+--------+--------+--------+--------+-----+--------+

Top non-repeatable levels by time:
     D:2: 1173 daAuts
     D:1: 1059 daAuts
     D:3: 60 daAuts
